 Dungeon Crawl Stone Soup version 0.25-a0-1024-gbfbf38f2cb (webtiles) character file.

Game seed: 11399341516087492421, levelgen mode: deterministic

276 Gwenloh the Poker (level 6, -5/70 HPs)
             Began as a Merfolk Skald on May 12, 2020.
             Killed from afar by Dowan (16 damage)
             ... with a shard of ice
             ... on level 4 of the Dungeon.
             The game lasted 00:18:24 (3165 turns).

Gwenloh the Poker (Merfolk Skald)                   Turns: 3165, Time: 00:18:24

Health: -5/70      AC: 23    Str: 12    XL:     6   Next: 25%
Magic:  3/10       EV:  2    Int: 14    God:
Gold:   144        SH:  0    Dex: 13    Spells: 2/10 levels left

rFire    . . .     SeeInvis .   a - +1 spear
rCold    . . .     Gourm    .   (no shield)
rNeg     + + +     Faith    .   (armour currently unavailable)
rPois    +         Spirit   .   (helmet currently unavailable)
rElec    .         Reflect  .   (cloak currently unavailable)
rCorr    .         Harm     .   (gloves currently unavailable)
MR       .....     NoTele   +   (boots currently unavailable)
Stlth    +.........             (no amulet)
HPRegen  0.21/turn              (no ring)
MPRegen  0.12/turn              (no ring)

@: lethally poisoned (-5 -> -8), tree-form, infused
A: (change form in water), (swift swim), (stealthy swim)
a: no special abilities


You were on level 4 of the Dungeon.
You were hungry.
You were a tree.
You visited 1 branch of the dungeon, and saw 4 of its levels.

You collected 144 gold pieces.

Inventory:

Hand Weapons
 a - a +1 spear (weapon)
Missiles
 e - 135 stones
 p - 4 javelins
 s - 36 poisoned darts (quivered)
Armour
 b - a +0 leather armour (melded)
 f - a +0 kite shield
 o - a +0 cloak (melded)
 r - a +0 pair of gloves (melded)
Wands
 n - a wand of flame (12)
Scrolls
 i - 2 scrolls of teleportation
 k - 2 scrolls of remove curse
Potions
 c - a potion of magic {unknown}
 j - 5 potions of curing
 m - 2 potions of ambrosia {unknown}
 q - a potion of berserk rage {unknown}
 u - 2 potions of heal wounds {unknown}
Comestibles
 d - 5 rations


   Skills:
 + Level 3.2 Fighting
 * Level 5.3 Polearms
 - Level 0.6 Armour
 + Level 4.0 Dodging
 + Level 2.7 Spellcasting
 + Level 1.0 Hexes
 * Level 4.8 Charms


You had 2 spell levels left.
You knew the following spells:

 Your Spells              Type           Power        Failure   Level  Hunger
a - Infusion              Chrm           ###.         3%          1    #......
b - Song of Slaying       Chrm           ###.....     4%          2    ###....
c - Shroud of Golubria    Chrm/Tloc      #.....       12%         2    ###....
d - Spectral Weapon       Hex/Chrm       ##......     21%         3    ###....

Your spell library contained the following spells:

 Spells                   Type           Power        Failure   Level  Hunger
 Ozocubu's Armour         Chrm/Ice       #.......     24%         3    ###....


Dungeon Overview and Level Annotations

Branches:
Dungeon (4/15)
 Temple: D:4-7

Altars:
Makhleb

Annotations:
D:4 Dowan


Message History

You hit the worm.
You kill the worm!
Dowan says, "How can I live without her?"
You miss Dowan. Dowan hits you but does no damage.
Dowan gestures wildly while chanting.
Dowan blinks!
Evoke which item? (* to show all) (? for menu, Esc to quit)
Attack whom?
Press: ? - help, Dir - move target cursor, f/p - Dowan
Aim: Dowan, wielding a +2 dagger of venom and wearing a +0 robe (fast)
You reach to attack!
You closely miss Dowan.
Your shroud unravels.
You barely miss Dowan. Dowan hits you but does no damage.
You are poisoned.
You hit Dowan!
Dowan is moderately wounded.
You feel sick. Dowan hits you but does no damage.
Dowan gestures at you while chanting. The shard of ice hits you!
You die...

...#......##..........#
...#.......#########.###
...#.####...##### #...#
.....# #.......####.#.##
##..##
####............####
...## #..............(#
#### #..(.......######
#...†......#
#...§♣.....#
#....e.....#
#......<...#
#..........#
############


You could see Dowan (fast).

Vanquished Creatures
  Duvessa (D:4)
  A hound (D:3)
  8 adders
  An ooze (D:2)
  An adder skeleton (D:4)
  5 worms
  3 dart slugs
  2 leopard geckos
  2 orcs
  A giant cockroach (D:2)
  5 goblins
  5 hobgoblins
  5 kobolds
  A quokka (D:4)
  A ball python (D:1)
  2 bats
  6 frilled lizards
  2 rats
52 creatures vanquished.

Notes
Turn   | Place    | Note
-------+----------+-------------------------------------------
     0 | D:1      | Gwenloh the Merfolk Skald began the quest for the Orb.
     0 | D:1      | Reached XP level 1. HP: 16/16 MP: 3/3
   211 | D:1      | Reached XP level 2. HP: 15/22 MP: 1/5
  1042 | D:1      | Reached XP level 3. HP: 25/28 MP: 2/6
  1379 | D:2      | Learned a level 2 spell: Song of Slaying
  1382 | D:2      | Learned a level 2 spell: Shroud of Golubria
  1400 | D:2      | Reached skill level 4 in Polearms
  1451 | D:2      | Reached XP level 4. HP: 34/34 MP: 2/7
  2542 | D:3      | Reached XP level 5. HP: 40/40 MP: 5/8
  2547 | D:3      | Learned a level 3 spell: Spectral Weapon
  2633 | D:3      | Found a burning altar of Makhleb.
  3025 | D:4      | Noticed Duvessa
  3061 | D:4      | Killed Duvessa
  3061 | D:4      | Reached skill level 5 in Polearms
  3061 | D:4      | Reached skill level 1 in Hexes
  3061 | D:4      | Reached XP level 6. HP: 27/47 MP: 2/10
  3127 | D:4      | Noticed Dowan
  3165 | D:4      | Killed from afar by Dowan

Illustrated notes

Levels and vault maps discovered:
D:1:      dpeg_arrival_chambers_temple_mockup, layout_rooms, skrybe_limestone_x,
          st_stairs_8
D:2:      layout_rooms, first_ration, serial_bayou_pond_e
D:3:      layout_rooms, serial_bayou, serial_bayou_crossing,
          serial_bayou_pond_a, serial_bayou_shore_a, serial_bayou_pond_b,
          corexii_corridor_pit, minmay_crystal_water,
          makhleb_blood_cavern_becter
D:4:      layout_rooms, cheibrodos_sewer_entry_sluice, uniq_duvessa

Skill      XL: |  1  2  3  4  5 |
---------------+----------------+-----
Dodging        | 3 4 |  4.0
Polearms       | 4 5 |  5.3
Charms         | 4 |  4.8
Fighting       | 3 |  3.2
Hexes          | 1 |  1.0
Armour         | |  0.6
Spellcasting   | |  2.7

Action                   |  1- 3 |  4- 6 || total
-------------------------+-------+-------++-------
Melee: Spear             |    55 |   136 ||   191
Throw: Javelin           |    20 |     8 ||    28
       Stone             |     3 |    30 ||    33
       Dart              |       |    18 ||    18
 Cast: Infusion          |    14 |     9 ||    23
       Shroud of Golubri |     1 |     9 ||    10
       Song of Slaying   |       |     2 ||     2
  Use: Scroll            |       |     5 ||     5
       Potion            |       |     1 ||     1
  Eat: Chunk             |     2 |     6 ||     8
Armor: Leather armour    |     4 |    17 ||    21
       Skin              |       |    11 ||    11
Dodge: Dodged            |    17 |    50 ||    67

Table legend:
 A = Non-vault XP
 B = Vault XP
 C = Vault XP percentage of total XP
 D = Non-vault monster count
 E = Vault monster count
 F = Vault count percentage of total count
                 A         B        C        D         E       F
            +---------+---------+-------+---------+---------+-------
      Total |     206 |     189 |  47.8 |      48 |       4 |   7.7
            +---------+---------+-------+---------+---------+-------
        D:1 |      39 |       0 |   0.0 |      15 |       0 |   0.0
        D:2 |     109 |       0 |   0.0 |      21 |       0 |   0.0
        D:3 |      20 |      47 |  70.1 |       4 |       3 |  42.9
        D:4 |      38 |     142 |  78.9 |       8 |       1 |  11.1
            +---------+---------+-------+---------+---------+-------
